 BcadrenCrawl: Boulder Brew version 0.06-688-g08e91b2d95 (webtiles) character file.

Game seed: 1609170997796545338

5529 Leeroy the Markstengu (level 10, 0/97 HPs) Tengu Centaur. Began on Jan 29, 2023. Was a Follower of the Shining One. Slain by a bone scorpion (5 damage) ... on level 5 of the Dungeon. The game lasted 00:41:15 (10015 turns).

Leeroy the Markstengu (Tengu Centaur)              Turns: 10015, Time: 00:41:16

Health: 0/97       AC:  7    Str: 17    XL:     10 ^: 3073
Magic:  11/11      EV: 14    Int: 12    God:    the Shining One [1* [49]]
Gold:   314        SH:  0    Dex: 13    Spells: 9/9 levels left

rFire    . . .     Slash    x   C - +0 falchion (holy)
rCold    . . .     Pierce   .   (no weapon)
rNeg     . . .     Bludgeon .   M - +3 leather armour {MR+}
rCorr    . . .     Vision   .   (helmet restricted)
rPois    .         Gourm    .   (no cloak)
rElec    .         Faith    .   g - +0 pair of clawed gauntlets
MR       +....     Spirit   .   (no barding)
HPRegen  0.82/turn Reflect  .   H - amulet of regeneration
MPRegen  0.21/turn Harm     .   n - ring of wizardry
Stlth    +.........             X - ring of stealth

@: lethally poisoned (0 -> -13), flying quickly and evasively, glowing, studying
Charms, very quick
A: large, beak, hippogriff form, talons, deformed body 1, speed 2, tengu flight,
soft flesh, AC +3
a: Stop Flying, Renounce Religion


You were on level 5 of the Dungeon.
You worshipped the Shining One.
The Shining One was aware of your devotion.
You were hungry.

You visited 3 branches of the dungeon, and saw 7 of its levels.

You collected 314 gold pieces.

Inventory:

Weapons
 a - a +0 shortbow
 s - a +1 hatchet of molten steel
 v - a +4 dagger of venom
 C - a +0 falchion of holy wrath (weapon)
 G - a +2 dagger of molten steel
 S - a +0 mace of protection Shields
 c - a +0 sai
Armour
 g - a +0 pair of clawed gauntlets (worn)
 m - the +1 scale mail of the Last Wishes {Int+4 Stlth+}
   (You found it on level 5 of the Dungeon)

   It affects your intelligence (+4).
   It makes you more stealthy.
 B - a +0 chain mail of fire resistance
 M - a +3 leather armour of magic resistance (worn)
 U - a +2 leather armour of cold resistance
Jewellery
 b - an uncursed ring of magical power
 k - a cursed amulet of harm {(Curse: MR-)}
 n - a ring of wizardry (left claw)
 o - a cursed ring of dexterity {(Curse: *Drain)}
 x - a cursed ring of protection {(Curse: rF-)}
 y - an uncursed ring of protection
 A - an uncursed ring of intelligence
 E - the cursed amulet "Nyamag" {Reflect +Fly rC+ MR+++ MP-9 SH+5, (Curse: *Drain)}
   (You took it off an orc wizard on level 4 of the Dungeon)

   [amulet of reflection]

   It shields you and reflects attacks.
   It protects you from cold.
   It affects your resistance to hostile enchantments.
   It affects your magic capacity (-9).
   It lets you fly.
   It affects your SH (+5).
   It has a curse placed upon it.
   { (Curse: *Drain)}
 F - an uncursed ring of stealth
 H - an amulet of regeneration (around neck)
 I - a cursed ring of positive energy {(Curse: MR-)}
 J - an uncursed ring of fire
 L - an uncursed ring of ice
 N - an uncursed amulet of chaos
 O - a cursed ring of wizardry {(Curse: -Vis)}
 Q - the cursed ring of Ypokh {*Slow rF++ rN++ Dex+5, (Curse: MR-)}
   (You took it off an orc on level 4 of the Dungeon)

   [ring of dexterity]

   It affects your dexterity (+5).
   It greatly protects you from fire.
   It greatly protects you from negative energy.
   It may slow you when you take damage.
   It has a curse placed upon it.
   { (Curse: MR-)}
 T - a cursed amulet of guardian spirit {(Curse: -Vis)}
 W - a cursed ring of magical power {(Curse: rC-)}
 X - a ring of stealth (right claw)
 Y - an uncursed ring of dexterity
 Z - an uncursed ring of evasion
Wands
 j - a wand of iceblast (2)
 K - a wand of healing (2)
Scrolls
 e - 2 scrolls of magic mapping
 q - a scroll of vulnerability
 t - a scroll of teleportation
 w - a scroll of immolation
Potions
 f - a potion of ambrosia
 h - a potion of agility
 i - a potion of haste
 l - a potion of resistance
 p - 2 potions of lignification
 r - a potion of might
 u - a potion of brilliance
 R - 2 potions of curing
 V - a potion of berserk rage
Miscellaneous
 z - a sack of spiders
Comestibles
 d - 9 rations


   Skills:
 - Level 6.4 Fighting
 - Level 5.7 Long Blades
   Level 0.1 Whips & Flails
 + Level 16.7 Bows
 - Level 5.3 Dodging
 - Level 1.0 Stealth


You had 9 spell levels left.
You didn't know any spells.
Your spell library was empty.

Dungeon Overview and Level Annotations

Branches:
Dungeon (5/8)              Temple (1/1) D:4            Lair (1/6) D:5

Altars:
Ashenzari
Cheibriados
Dithmenos
Elyvilon
Fedhas Madash
Gozag Ym Sagoz
Hepliaklqana
Kikubaaqudgha
Makhleb
Okawaru
Qazlal
Ru
Trog
Uskayaw
Vehumet
Xom
Yredelemnul
Zin
The Shining One

Shops:
D:3 }   D:5 %[}[

Annotations:
D:5 Snorg


Innate Abilities, Weirdness & Mutations

Your horsehide is resilient. (AC +3)
You have a beak for a mouth.
You have a hippogriff-like bottom half; talons in the front, hooves in the back.
Armour fits poorly on your strangely shaped body.
You cover ground very quickly.
You can fly continuously.
Your speed and evasion are boosted while flying.
Your soft flesh is weak to deep cuts.
Heavy manmade armour will nullify this weakness. (rSlashing-)


Message History

The bone scorpion claws you (3).
You are lacerated severely!
The bone scorpion barely misses you. The bone scorpion stings you (9)!
* * * LOW HITPOINT WARNING * * *
The bone scorpion closely misses you.
Unknown command.
Okay, then.
You don't know any spells.
You barely miss the water moccasin. You scratch the water moccasin (1).
It is lacerated severely!
Your peck misses the water moccasin.
The water moccasin is almost dead. (1/26) HP You feel very sick. (3)
The water moccasin bites you (7)!
* * * LOW HITPOINT WARNING * * *
The bone scorpion claws you (7)!
You are lacerated severely!
* * * LOW HITPOINT WARNING * * *
The bone scorpion claws you (7)!
You are lacerated severely!
* * * LOW HITPOINT WARNING * * *
The bone scorpion closely misses you. The bone scorpion stings you (5).
You die...

#####......# #...#.....#.
............# #...#######.
............## ###...........
.............#######.............
............#...≈...#............
..............#..o#..............
.#########...##ool##.............
. .......s#...PPPO..#.....s.....
........#≈..P@PP.≈#...........
........#.oPPSs...#...........
###'###...##.PP##.....########
...........#...#......'.......
.........#...≈...#....#.......
..........#######.....#.......
....?.........#.......#.......
...>####......##+##...#######.
.### #....................##


You could see a water moccasin, a bone scorpion, a friendly two-headed ogre
(summoned), a friendly iguana (summoned), a friendly orc wizard (summoned) and 3
friendly orcs.

Vanquished Creatures
  A two-headed ogre (D:5)
  Maggie (Lair:1)
  A hippogriff (D:5)
  6 yaks (D:4)
  A bone scorpion (D:5)
  An orc warrior (D:4)
  A scorpion (D:5)
  A necrophage (D:4)
  A phantom (D:5)
  2 porcupines
  A black bear (D:3)
  2 ice beasts
  2 ogres
  2 crocodiles
  4 big kobolds
  2 centaurs (D:5)
  3 killer bees (D:4)
  5 wights
  10 jellies
  A hornet zombie (D:4)
  4 orc priests
  A hound (D:3)
  9 orc wizards
  5 worker ants
  5 iguanas
  A water moccasin zombie (D:4)
  A wyvern zombie (D:4)
  11 giant cockroaches
  2 boggart zombies (D:4)
  A boggart skeleton (D:4)
  A cysgobwca (D:4)
  8 adders
  A gwybwca (D:4)
  16 sewer rats
  8 cinder newts
  3 worms
  8 bullfrogs
  A hound skeleton (D:3)
  2 oozes
  2 dart slugs (D:1)
  6 leopard geckos
  38 orcs
  5 goblins (D:1)
  6 hobgoblins (D:1)
  5 quokkas
  2 ball pythons (D:2)
  8 bats
  A bat skeleton (D:2)
  2 goblin skeletons (D:2)
  28 kobolds
  3 rats (D:1)
  A rat skeleton (D:2)
  11 withered plants (D:2)
254 creatures vanquished.

Vanquished Creatures (others)
  2 kobolds (D:2)
  A fungus (D:5)
  2 giant blowflies (D:4)
  A plant (D:5)
  67 withered plants (D:2)
73 creatures vanquished.

Grand Total: 327 creatures vanquished

Notes
Turn   | Place    | Note
-------+----------+-------------------------------------------
     0 | D:1      | Leeroy the Tengu Centaur began the quest for the Orb.
     0 | D:1      | Reached XP level 1. HP: 24/24 MP: 2/2
    39 | D:1      | Reached skill level 5 in Bows
    42 | D:1      | Reached XP level 2. HP: 32/32 MP: 3/3
   119 | D:1      | Reached skill level 6 in Bows
   119 | D:1      | Reached XP level 3. HP: 38/40 MP: 4/4
   210 | D:1      | Reached skill level 7 in Bows
   216 | D:1      | Reached XP level 4. HP: 48/48 MP: 5/5
   385 | D:1      | Reached skill level 8 in Bows
   392 | D:1      | Gained mutation: You can fly continuously. Your speed and
                  | evasion are boosted while flying. [Tengu growth]
   392 | D:1      | Reached XP level 5. HP: 56/56 MP: 6/6
  1026 | D:2      | Reached skill level 9 in Bows
  1155 | D:2      | Reached XP level 6. HP: 62/64 MP: 7/7
  1183 | D:2      | Reached skill level 10 in Bows
  1339 | D:2      | Reached skill level 11 in Bows
  1363 | D:2      | Reached XP level 7. HP: 72/72 MP: 8/8
  1897 | D:2      | Reached skill level 12 in Bows
  2395 | D:2      | Reached skill level 13 in Bows
  3345 | D:3      | Found Saukkoh's Gadget Boutique.
  3416 | D:3      | Reached XP level 8. HP: 81/81 MP: 9/9
  4207 | D:3      | Reached skill level 14 in Bows
  4405 | D:4      | Found a staircase to the Ecumenical Temple.
  4417 | Temple   | Entered the Ecumenical Temple
  4490 | Temple   | Became a worshipper of the Shining One
  4625 | D:4      | Identified the cursed ring of Ypokh {*Slow rF++ rN++ Dex+5,
                  | (Curse: MR-)}
  4729 | D:4      | Reached skill level 5 in Dodging
  4905 | D:3      | Reached skill level 1 in Long Blades
  5100 | D:4      | Identified the cursed amulet "Nyamag" {Reflect +Fly rC+
                  | MR+++ MP-9 SH+5, (Curse: *Drain)}
  5475 | D:4      | Reached XP level 9. HP: 67/89 MP: 10/10
  6188 | D:4      | Reached skill level 5 in Long Blades
  6598 | D:4      | Reached * piety under the Shining One
  6890 | D:4      | Found a burning altar of Makhleb.
  6892 | D:4      | Found a radiant altar of Vehumet.
  6894 | D:4      | Found a glowing silver altar of Zin.
  6894 | D:4      | Found an opulent altar of Gozag.
  6895 | D:4      | Found a basalt altar of Yredelemnul.
  6895 | D:4      | Found a white marble altar of Elyvilon.
  6895 | D:4      | Found a shattered altar of Ashenzari.
  6895 | D:4      | Found a blossoming altar of Fedhas.
  7147 | D:5      | Entered Level 5 of the Dungeon
  7206 | D:5      | Found a staircase to the Lair.
  7706 | D:5      | Reached skill level 5 in Fighting
  8414 | D:5      | your +0 mace of protection protects you from harm!
  8497 | D:5      | Noticed a two-headed ogre
  8518 | D:5      | Killed a two-headed ogre
  8518 | D:5      | Reached skill level 15 in Bows
  8518 | D:5      | Reached XP level 10. HP: 96/96 MP: 11/11
  8547 | D:5      | Found Jaxtif's Armour Emporium.
  9048 | D:4      | Reached skill level 16 in Bows
  9140 | D:5      | Identified the +1 scale mail of the Last Wishes {Int+4
                  | Stlth+}
  9162 | D:5      | Found Biasuh's Antique Armour Shoppe.
  9185 | D:5      | Found Osab's Gadget Shoppe.
  9206 | D:5      | Found Jeyru's Food Shoppe.
  9684 | D:5      | Noticed Snorg
  9841 | D:5      | your +0 mace of protection protects you from harm!
  9872 | Lair:1   | Entered Level 1 of the Lair of Beasts
  9883 | Lair:1   | Noticed Maggie
  9899 | Lair:1   | Killed Maggie
 10015 | D:5      | Slain by a bone scorpion

Illustrated notes

Levels and vault maps discovered:
D:1:      lemuel_arrival_room, layout_rooms
D:2:      layout_sewer
D:3:      layout_loops_cross, serial_shops, shop_fountains, first_ration
D:4:      layout_basic, grunt_temple_overflow_open, minmay_temple_entry_arrows
D:5:      layout_irregular_city, dpeg_oklobed_lair, serial_shops, shop,
          nicolae_shop_statue_plus, shop, shop_fountains, uniq_snorg
Temple:   chequers_temple_sunken
Lair:1:   layout_hall_layers, basic_altar, chequers_serial_rivers_small_3,
          chequers_serial_rivers_room_a, st_stairs_3, uniq_grum, uniq_maggie

Skill      XL: |  1  2  3  4  5  6  7  8  9 10 |
---------------+-------------------------------+-----
Bows           | 5 6 7 8 9 11 13 14 15 16 | 16.7
Dodging        | 5 |  5.3
Long Blades    | 3 5 |  5.7
Fighting       | 6 |  6.4
Whips & Flails | |  0.1
Stealth        | |  1.0

Action                   |  1- 3 |  4- 6 |  7- 9 | 10-12 || total
-------------------------+-------+-------+-------+-------++-------
Melee: Short sword       |     1 |     2 |    13 |       ||    16
       Unarmed           |     1 |       |   125 |    21 ||   147
       Kick              |     1 |       |     8 |     2 ||    11
       Falchion          |       |       |    90 |     3 ||    93
       Tailslap          |       |       |     8 |       ||     8
       Dagger            |       |       |    46 |    17 ||    63
       Battleaxe         |       |       |     6 |       ||     6
       Mace              |       |       |       |     1 ||     1
 Fire: Shortbow          |    44 |   163 |   736 |   312 ||  1255
 Abil: Fly               |       |     1 |       |       ||     1
  Use: Scroll            |       |       |     4 |     3 ||     7
       Potion            |       |       |       |     1 ||     1
  Eat: Chunk             |       |       |    17 |     2 ||    19
Armor: Leather armour    |     7 |    26 |    56 |    12 ||   101
Dodge: Dodged            |     1 |    11 |    85 |    30 ||   127
       Rpst.: Falchion   |       |       |    11 |       ||    11
